 Dungeon Crawl Stone Soup version 0.19-a0-1206-g6bcb79c (webtiles) character file.

51 Gorice the Skirmisher (level 3, 0/29 HPs)
             Began as a Demonspawn Monk on Aug 21, 2016.
             Killed by nerve-wracking pain
             ... invoked by Jessica
              (14 damage)
             ... on level 2 of the Dungeon.
             The game lasted 00:05:53 (1709 turns).

Gorice the Skirmisher (Demonspawn Monk)             Turns: 1709, Time: 00:05:54

Health: 0/29       AC:  9    Str: 12    XL:     3   Next: 58%
Magic:  3/3        EV:  6    Int: 14    God:
Gold:   134        SH:  0    Dex: 15    Spells: 0 memorised, 2 levels left

rFire  . . .     SeeInvis .     a - +0 mace
rCold  . . .     Gourm    .     e - +1 chain mail
rNeg   . . .     Faith    .     (no shield)
rPois  .         Spirit   .     (helmet restricted)
rElec  .         Dismiss  .     (no cloak)
rCorr  .         Reflect  .     (no gloves)
MR     .....     Harm     .     (no boots)
Stlth  ..........               (no amulet)
                                (no ring)
                                n - +3 ring of intelligence

@: no status effects
A: antennae 1, hooves 1
a: no special abilities


You were on level 2 of the Dungeon.
You were not hungry.

You visited 1 branch of the dungeon, and saw 2 of its levels.

You collected 134 gold pieces.

Inventory:

Hand Weapons
 a - a +0 mace (weapon)
 f - a +2 dagger of freezing
   (You took it off a kobold on level 1 of the Dungeon)
 h - a +0 hunting sling
Missiles
 i - 28 bolts
 Z - 30 stones (quivered)
Armour
 b - a +0 robe
 e - a +1 chain mail (worn)
Jewellery
 n - a +3 ring of intelligence (left hand)
Scrolls
 k - a scroll of amnesia {unknown}
 o - 2 scrolls of fear {unknown}
 r - a scroll of identify {unknown}
 s - a scroll of enchant armour
 t - a scroll of teleportation {unknown}
Potions
 g - a potion of might {unknown}
 j - a potion of agility {unknown}
 l - a potion of lignification {unknown}
 m - a potion of magic {unknown}
 p - a potion of degeneration {unknown}
 q - a potion of curing {unknown}
Comestibles
 c - a bread ration {!e}
 d - a chunk of flesh


   Skills:
 + Level 3.6 Fighting
 - Level 3.0 Maces & Flails
 - Level 2.6 Dodging
 - Level 1.7 Stealth
 * Level 1.9 Unarmed Combat


You had 2 spell levels left.
You didn't know any spells.

Dungeon Overview and Level Annotations

Branches:
Dungeon (2/15)

Altars:
Nemelex Xobeh
Uskayaw

Annotations:
D:2 Jessica


Innate Abilities, Weirdness & Mutations

You have a pair of small antennae on your head.
You have large cloven feet.


Message History

The goblin barely misses you.
You hit the goblin. You kick the goblin, but do no damage.
The goblin is moderately wounded.
The goblin barely misses you. The goblin hits you but does no damage.
You hit the goblin.
The goblin is heavily wounded.
The goblin hits you but does no damage.
You sock the goblin!
You kill the goblin!
s - a scroll of enchant armour
t - a scroll labeled YWU YQIBIE You open the door.
Jessica the Apprentice Sorceress comes into view.
She is wielding a dagger.
Jessica moves out of view.
Found a scroll labeled DUZETI NALEM.
You start waiting.
You barely miss Jessica. Your kick misses Jessica.
Jessica gestures wildly while chanting.
Jessica blinks!
Jessica barely misses you.
You closely miss Jessica. Jessica hits you but does no damage.
You barely miss Jessica. Jessica hits you but does no damage.
Jessica barely misses you.
Your chain mail prevents you from hitting Jessica.
Your kick misses Jessica. Jessica hits you but does no damage.
Your chain mail prevents you from hitting Jessica.
Your kick misses Jessica.
Jessica casts a spell.
Jessica seems to speed up.
You hit Jessica.
Jessica is heavily wounded.
Jessica gestures at you while chanting. Pain shoots through your body!
Jessica casts a spell at you. Pain shoots through your body!
* * * LOW HITPOINT WARNING * * *
You hit Jessica.
Jessica is heavily wounded.
Jessica casts a spell.
Jessica blinks!
Damage: 17 (max 17) Jessica mumbles some strange words.
Jessica blinks!
Jessica casts a spell.
Jessica blinks!
Jessica looks very angry.
Jessica gestures wildly.
Jessica gestures at you while chanting. Pain shoots through your body!
You die...

.................##....#..##..#
.................##....##.##..#
.................##....##.##..#
.................##...........###
######......@....#####...........
.................# #.......#...
.................# ###.###.......
..........#####..# #...###...#...
..........# #.@###..).##...#...
########### #......._......#...
#.#..##....###.#... #.#..###...#
#.#... #.#..###.### #.#...
#.#......# #.#... #.#......#
#.#... #.######.# #>#... #.# #.#
######


You could see Jessica.

Vanquished Creatures
  A worm (D:2)
  A dart slug (D:1)
  3 giant geckos
  4 goblins
  6 hobgoblins
  A quokka (D:2)
  A ball python (D:1)
  8 bats
  4 giant newts
  7 kobolds (D:1)
  6 rats
42 creatures vanquished.

Notes
Turn   | Place    | Note
-------+----------+-------------------------------------------
     0 | D:1      | Gorice the Demonspawn Monk began the quest for the Orb.
     0 | D:1      | Reached XP level 1. HP: 18/18 MP: 1/1
   130 | D:1      | HP: 5/18 [kobold/whip (2)]
   296 | D:1      | Reached skill level 3 in Maces & Flails
   524 | D:1      | Gained mutation: You have large cloven feet. [demonic ancestry]
   524 | D:1      | Reached XP level 2. HP: 21/24 MP: 2/2
   942 | D:1      | Reached skill level 1 in Unarmed Combat
  1043 | D:1      | Gained mutation: You have a pair of small antennae on your head. [demonic ancestry]
  1043 | D:1      | Reached XP level 3. HP: 29/29 MP: 3/3
  1466 | D:2      | Found a hide-covered altar of Uskayaw.
  1614 | D:2      | Found a sparkling altar of Nemelex Xobeh.
  1682 | D:2      | Noticed Jessica
  1709 | D:2      | Killed from afar by Jessica

Vault maps used:
D:1:      lightli_arrival_lavapool, minmay_strange_pillars
D:2:      overflow_temple_1_default, nicolae_overflow_crystal_walls,
          kennysheep_jessica_study

Skill      XL: |  1  2 |
---------------+-------+-----
Maces & Flails | 3 |  3.0
Unarmed Combat | 1 |  1.9
Fighting       | |  3.6
Dodging        | |  2.6
Stealth        | |  1.7

Action                   || total
-------------------------++-------
Melee: Mace              ||   199
       Kick              ||    29
  Use: Scroll            ||     3
  Eat: Chunk             ||     3
Armor: Robe              ||    26
       Chain mail        ||   128
Dodge: Dodged            ||   135

Table legend:
 A = Turns spent in this place as a percentage of turns spent in the entire game.
 B = Non-inter-level travel turns spent in this place as a percentage of non-inter-level travel turns spent in the entire game.
 C = Inter-level travel turns spent in this place as a percentage of turns spent in this place.
 D = Turns resting spent in this place as a percentage of non-inter-level travel turns spent in this place.
 E = Turns spent auto-exploring this place as a percentage of non-inter-level travel turns spent in this place.
 F = Non-inter-level travel turns spent in this place divided by the number of levels of this place that you've seen.
                   A       B       C       D       E      F
               +-------+-------+-------+-------+-------+----------------------
         Total | 100.0 | 100.0 |   0.1 |   1.3 |   4.7 | 359.0
       Dungeon | 100.0 | 100.0 |   0.1 |   1.3 |   4.7 | 359.0
               +-------+-------+-------+-------+-------+----------------------

Vault maps used:
D:1:      lightli_arrival_lavapool, minmay_strange_pillars
D:2:      overflow_temple_1_default, nicolae_overflow_crystal_walls,
          kennysheep_jessica_study
